 Dungeon Crawl Stone Soup version 0.22-a0-113-gdd6f4a9 (webtiles) character file.

583 kuniqs the Caller (level 7, 0/46 HPs)
             Began as a Mummy Summoner on Jan 28, 2018.
             Was a Follower of Sif Muna.
             Slain by a scorpion (9 damage)
             ... on level 5 of the Dungeon.
             The game lasted 00:10:06 (5464 turns).

kuniqs the Caller (Mummy Summoner)                  Turns: 5464, Time: 00:10:06

Health: 0/46       AC:  2    Str: 13    XL:     7   Next: 14%
Magic:  9/11       EV: 12    Int: 21    God:    Sif Muna [*.....]
Gold:   223        SH:  0    Dex: 12    Spells: 5/11 levels left

rFire    x . .     SeeInvis .   o - +6 spear "Ipataquu" {pain, -Tele rPois Str+2 Int+4}
rCold    + . .     Gourm    .   (no shield)
rNeg     + + +     Faith    .   a - +0 robe
rPois    ∞         Spirit   .   (no helmet)
rElec    .         Reflect  .   (no cloak)
rCorr    .         Harm     .   (no gloves)
MR       .....     NoTele   +   (no boots)
Stlth    ++........             (no amulet)
HPRegen  0.15/turn              i - ring of positive energy (curse)
MPRegen  0.12/turn              (no ring)

@: divine energy
A: no food or potions, fire vulnerability, cold resistance 1, negative energy
resistance 3, torment resistance, unbreathing
a: Stop Divine Energy, Renounce Religion


You were on level 5 of the Dungeon.
You worshipped Sif Muna.
Sif Muna was aware of your devotion.
You were not hungry.

You visited 2 branches of the dungeon, and saw 6 of its levels.

You collected 223 gold pieces.

Inventory:

Hand Weapons
 o - the +6 spear "Ipataquu" (weapon) {pain, -Tele rPois Str+2 Int+4}
   (You found it on level 4 of the Dungeon)

   In the hands of one skilled in necromantic magic, it inflicts extra damage on
   living creatures.
   It affects your strength (+2).
   It affects your intelligence (+4).
   It protects you from poison.
   It prevents most forms of teleportation.
Armour
 a - a +0 robe (worn)
Jewellery
 i - a cursed ring of positive energy (left hand)
Wands
 k - a wand of acid (8)
Scrolls
 c - a scroll of noise {unknown}
 d - 4 scrolls of amnesia {unknown}
 e - 5 scrolls of identify {@r1}
 f - a scroll of fear {unknown}
 g - 2 scrolls of immolation {unknown}
 h - 2 scrolls of magic mapping {unknown}
 j - 4 scrolls of remove curse {unknown}
 l - a scroll of enchant armour {unknown}
 n - 2 scrolls of enchant weapon {unknown}
Books
 b - a book of Callings

   Spells                             Type                      Level
   a - Summon Small Mammal            Summoning                    1
   b - Call Imp                       Summoning                    2
   c - Call Canine Familiar           Summoning                    3
   d - Summon Guardian Golem          Hexes/Summoning              3
   e - Summon Lightning Spire         Summoning/Air                4
   f - Summon Ice Beast               Ice/Summoning                4


   Skills:
 - Level 1.5 Dodging
 - Level 1.5 Stealth
 - Level 2.6 Spellcasting
 + Level 7.3 Summonings


You had 5 spell levels left.
You knew the following spells:

 Your Spells              Type           Power        Failure   Level  Hunger
a - Summon Small Mammal   Summ           ####         1%          1    N/A
b - Call Imp              Summ           ####....     1%          2    N/A
c - Call Canine Familiar  Summ           ####....     1%          3    N/A

Dungeon Overview and Level Annotations

Branches:
Dungeon (5/15)             Temple (1/1) D:4

Altars:
Ashenzari
Cheibriados
Elyvilon
Fedhas
Gozag
Hepliaklqana
Kikubaaqudgha
Makhleb
Nemelex Xobeh
Okawaru
Qazlal
Ru
Sif Muna
Trog
Uskayaw
Vehumet
Wu Jian
Xom
Yredelemnul
Zin
The Shining One


Innate Abilities, Weirdness & Mutations

You do not eat or drink.
Your flesh is vulnerable to fire.
You are immune to poison.
Your flesh is cold resistant. (rC+)
You are immune to negative energy. (rN+++)
You are immune to unholy pain and torment.
You can survive without breathing.


Message History

Your white imp freezes the hound.
The scorpion closely misses your hound.
Your hound bites the scorpion but does no damage.
The hound bites you.
You hit the hound.
You kill the hound!
Sif Muna accepts your kill.
Your hound closely misses the scorpion.
The scorpion stings your hound.
Your hound is poisoned.
The scorpion poisons your hound!
Your hound barely misses the scorpion.
Your white imp gestures at the scorpion.
The puff of frost hits the scorpion.
Your hound bites the scorpion.
You are too injured to fight recklessly!
You barely miss the scorpion.
Your hound dies!
Your hound's corpse disappears in a puff of smoke!
The scorpion stings you.
* * * LOW HITPOINT WARNING * * *
Your white imp hits the scorpion.
Your white imp freezes the scorpion.
You hit the scorpion but do no damage. The scorpion stings you!
You die...

#......## #... .
####.##....###...
.# .
.....###.......#
.# . .
.......##.....#
..##.. ..
#...#...##...##
...... ..
#..####.......##
#...... .. #..#
##...#.(.##.......
.. #..#
#.#####(.5§......
.. #..# ##.#
##†@s..#.. .. ..##
#..# ##.>.## ..
..# #.## #......
.. ..# ##.#
#.####..# .. ..#
#.## ..# .. ..
..## #.# ##. . ..
#..# #.# # .. #.##
### .. #..# ##


You could see a scorpion and a friendly white imp.

Vanquished Creatures
  A howler monkey (D:4)
  2 crimson imps (D:5)
  2 hounds (D:5)
  An orc wizard (D:5)
  A worker ant (D:4)
  A killer bee zombie (D:5)
  4 adders
  2 leopard geckos
  2 orcs
  A bat (D:3)
  A giant cockroach (D:3)
  3 goblins
  A hobgoblin (D:1)
  4 jackals
  3 kobolds
  8 rats
37 creatures vanquished.

Vanquished Creatures (collateral kills)
  Eustachio (D:4)
  A centaur (D:5)
  A crimson imp (D:5)
  Ijyb (D:5)
  2 adders
  3 gnolls (D:3)
  A shadow imp (D:5)
  An ooze (D:1)
  2 worms
  2 dart slugs (D:1)
  4 orcs
  2 giant cockroaches
  5 goblins
  2 hobgoblins
  2 jackals (D:3)
  6 kobolds
  A quokka (D:4)
  2 ball pythons
  5 bats
  3 frilled lizards
  A leopard gecko skeleton (D:4)
  2 rats (D:2)
50 creatures vanquished.

Grand Total: 87 creatures vanquished

Notes
Turn   | Place    | Note
-------+----------+-------------------------------------------
     0 | D:1      | kuniqs the Mummy Summoner began the quest for the Orb.
     0 | D:1      | Reached XP level 1. HP: 13/13 MP: 4/4
   675 | D:1      | Reached XP level 2. HP: 19/19 MP: 2/5
   679 | D:1      | Learned a level 2 spell: Call Imp
   893 | D:1      | Reached skill level 4 in Summonings
  1444 | D:2      | Reached XP level 3. HP: 14/24 MP: 2/7
  1824 | D:2      | Learned a level 3 spell: Call Canine Familiar
  2437 | D:3      | Reached XP level 4. HP: 16/30 MP: 8/8
  3091 | D:4      | Found a staircase to the Ecumenical Temple.
  3105 | Temple   | Entered the Ecumenical Temple
  3152 | Temple   | Became a worshipper of Sif Muna the Loreminder
  3219 | D:4      | Found an opulent altar of Gozag.
  3265 | D:4      | Got a crude spear
  3266 | D:4      | Identified the +6 spear "Ipataquu" {pain, -Tele rPois Str+2 Int+4} (You found it on level 4 of the Dungeon)
  3300 | D:4      | Reached skill level 5 in Summonings
  3394 | D:4      | Noticed Eustachio
  3468 | D:4      | Reached XP level 5. HP: 29/35 MP: 5/9
  4189 | D:4      | Killed Eustachio
  4189 | D:4      | Reached skill level 6 in Summonings
  4189 | D:4      | Reached XP level 6. HP: 11/41 MP: 1/10
  4717 | D:5      | Entered Level 5 of the Dungeon
  5289 | D:5      | Reached * piety under Sif Muna
  5311 | D:5      | Noticed Ijyb
  5323 | D:5      | Killed Ijyb
  5455 | D:5      | Reached skill level 7 in Summonings
  5455 | D:5      | Reached XP level 7. HP: 16/46 MP: 7/11
  5464 | D:5      | Slain by a scorpion

Vault maps used:
D:1:      minmay_arrival_three_doors, minmay_door_square, minmay_split_cup_small
D:4:      temple_pool_b, first_ration, minmay_misc_feat_pillars,
          nicolae_gozag_seed_capital, uniq_eustachio
D:5:      uniq_ijyb
Temple:   compressed_dpeg_circular_temple

Skill      XL: |  1  2  3  4  5  6 |
---------------+-------------------+-----
Summonings     | 4 5 6 7 |  7.3
Dodging        | |  1.5
Stealth        | |  1.5
Spellcasting   | |  2.6

Action                   |  1- 3 |  4- 6 |  7- 9 || total
-------------------------+-------+-------+-------++-------
Melee: Unarmed           |     4 |       |       ||     4
       Dagger            |    14 |     9 |       ||    23
       Spear             |       |    87 |     6 ||    93
 Fire: Hunting sling     |    49 |       |       ||    49
 Cast: Summon Small Mamm |    16 |     2 |       ||    18
       Call Imp          |    13 |    10 |       ||    23
       Call Canine Famil |     1 |    13 |       ||    14
Invok: Divine Energy     |       |     1 |       ||     1
  Use: Scroll            |       |     1 |       ||     1
 Stab: Sleeping          |       |     2 |       ||     2
       Distracted        |       |     2 |       ||     2
Armor: Robe              |    25 |    25 |     1 ||    51
Dodge: Dodged            |    76 |    88 |     1 ||   165

Table legend:
 A = Spawn XP
 B = Non-spawn XP
 C = Spawn XP percentage of total XP
 D = Spawn monster count
 E = Non-spawn monster count
 F = Spawn count percentage of total count
 G = Total turns spent on level
                    A         B        C        D         E        F      G
               +---------+---------+-------+---------+---------+-------+---------
         Total |       0 |     833 |   0.0 |       0 |      87 |   0.0 |  5464
               +---------+---------+-------+---------+---------+-------+---------
           D:1 |       0 |      31 |   0.0 |       0 |      19 |   0.0 |  1123
           D:2 |       0 |      21 |   0.0 |       0 |      19 |   0.0 |   991
           D:3 |       0 |      93 |   0.0 |       0 |      23 |   0.0 |  1547
           D:4 |       0 |     290 |   0.0 |       0 |       9 |   0.0 |   988
           D:5 |       0 |     398 |   0.0 |       0 |      17 |   0.0 |   747
               +---------+---------+-------+---------+---------+-------+---------
